CAL (WIN)
POTOMAC NATIONALS @ STOCKTON PORTS
12/10/2045
 
TOP OF THE 1ST
Potomac Nationals batting - Pitching for Stockton Ports : RHP Chad Cooper
Pitching: RHP Chad Cooper
Batting: RHB John Savard 0-0: Ground out 6-3 (Groundball, 6M, EV 76.9 MPH)
Batting: RHB Gabe Almazan 0-0: Ball
1-0: Foul Ball, location: 2F
1-1: Ball
2-1: SINGLE (Groundball, 56D, EV 95.0 MPH)
Batting: LHB Kyung-jin Cho 0-0: Ball
1-0: SINGLE (Groundball, 4M, EV 107.5 MPH) (infield hit)
Gabe Almazan to second
Batting: RHB Nick Moreno 0-0: Called Strike
0-1: Ball
1-1: Swinging Strike
1-2: Ball
2-2: Strikes out looking
Batting: RHB Tylor Cyr 0-0: Swinging Strike
0-1: Ball
1-1: Called Strike
1-2: Ball
2-2: Foul Ball, location: 2F
2-2: Foul Ball, location: 2F
2-2: Foul Ball, location: 2F
2-2: Strikes out looking
Top of the 1st over - 0 runs, 2 hits, 0 errors, 2 left on base; Potomac 0 - Stockton 0
BOTTOM OF THE 1ST
Stockton Ports batting - Pitching for Potomac Nationals : RHP Todd Carbaugh
Pitching: RHP Todd Carbaugh
Batting: SHB Robert Santiago 0-0: Foul Ball, location: 2F
0-1: Ball
1-1: Ball
2-1: Foul Ball, location: 2F
2-2: SOLO HOME RUN (Flyball, 9LD, EV 93.8 MPH), Distance : 351 ft
Batting: RHB Moses Brokken 0-0: Ball
1-0: Called Strike
1-1: Ground out 5-3 (Groundball, 56S, EV 88.8 MPH)
Batting: SHB D.J. Codd 0-0: Foul Ball, location: 2F
0-1: Swinging Strike
0-2: Ball
1-2: Strikes out looking
Batting: LHB Tom Raupp 0-0: Ball
1-0: Ground out 4-3 (Groundball, 4, EV 87.5 MPH)
Bottom of the 1st over - 1 run, 1 hit, 0 errors, 0 left on base; Potomac 0 - Stockton 1
TOP OF THE 2ND
Potomac Nationals batting - Pitching for Stockton Ports : RHP Chad Cooper
Batting: RHB Naofumi Ishida 0-0: Called Strike
0-1: Ball
1-1: Ball
2-1: Ball
3-1: Called Strike
3-2: Foul Ball, location: 2F
3-2: Strikes out swinging, 2-3 out at first.
Batting: RHB Marcus Dawson 0-0: Called Strike
0-1: Ball
1-1: Ball
2-1: Called Strike
2-2: Foul Ball, location: 2F
2-2: SOLO HOME RUN (Line Drive, 7LD, EV 99.4 MPH), Distance : 352 ft
Batting: RHB Bobby Bricker 0-0: Called Strike
0-1: Foul Ball, location: 2F
0-2: Strikes out looking
Batting: RHB Antonio Morado 0-0: Foul Ball, location: 2F
0-1: Foul Ball, location: 2F
0-2: Ball
1-2: Ball
2-2: Ball
3-2: Strikes out swinging
Top of the 2nd over - 1 run, 1 hit, 0 errors, 0 left on base; Potomac 1 - Stockton 1
BOTTOM OF THE 2ND
Stockton Ports batting - Pitching for Potomac Nationals : RHP Todd Carbaugh
Batting: LHB Nick Pacheco 0-0: Called Strike
0-1: Ball
1-1: Ball
2-1: Ball
3-1: Called Strike
3-2: Base on Balls
Batting: RHB Tim Cordle 0-0: Called Strike
0-1: Swinging Strike
0-2: Ball
1-2: Hit by Pitch
Nick Pacheco to second
Batting: RHB Matt Black 0-0: Called Strike
0-1: Called Strike
0-2: Ball
1-2: Foul Ball, location: 2F
1-2: Foul Ball, location: 2F
1-2: Ball
2-2: Ball
3-2: Base on Balls
Nick Pacheco to third
Tim Cordle to second
Batting: RHB Todd Vanasco 0-0: Called Strike
0-1: Grounds into double play, 5-4-3 (Groundball, 56S, EV 88.8 MPH)
Nick Pacheco scores
Tim Cordle to third
Batting: RHB Larry Clark 0-0: Foul Ball, location: 2F
0-1: SINGLE (Line Drive, 6D, EV 97.5 MPH)
Tim Cordle scores
Batting: SHB Robert Santiago 0-0: Ball
Larry Clark is caught stealing 2nd base 2-6
Bottom of the 2nd over - 2 runs, 1 hit, 0 errors, 0 left on base; Potomac 1 - Stockton 3
TOP OF THE 3RD
Potomac Nationals batting - Pitching for Stockton Ports : RHP Chad Cooper
Batting: RHB John Savard 0-0: Called Strike
0-1: Ball
1-1: Ball
2-1: Called Strike
2-2: Strikes out swinging, 2-3 out at first.
Batting: RHB Gabe Almazan 0-0: Ball
1-0: Called Strike
1-1: Foul Ball, location: 2F
1-2: Ball
2-2: Strikes out swinging
Batting: LHB Kyung-jin Cho 0-0: Foul Ball, location: 2F
0-1: Swinging Strike
0-2: Ball
1-2: SOLO HOME RUN (Flyball, 89XD, EV 100.0 MPH), Distance : 407 ft
Batting: RHB Nick Moreno 0-0: Foul Ball, location: 2F
0-1: Foul Ball, location: 2F
0-2: Strikes out swinging
Top of the 3rd over - 1 run, 1 hit, 0 errors, 0 left on base; Potomac 2 - Stockton 3
BOTTOM OF THE 3RD
Stockton Ports batting - Pitching for Potomac Nationals : RHP Todd Carbaugh
Batting: SHB Robert Santiago 0-0: Fly out, F7 (Flyball, 78S, EV 88.1 MPH)
Batting: RHB Moses Brokken 0-0: Ball
1-0: Called Strike
1-1: Swinging Strike
1-2: Strikes out swinging
Batting: SHB D.J. Codd 0-0: Ball
1-0: Ball
2-0: Ball
3-0: Called Strike
3-1: Swinging Strike
3-2: Strikes out swinging
Bottom of the 3rd over - 0 runs, 0 hits, 0 errors, 0 left on base; Potomac 2 - Stockton 3
TOP OF THE 4TH
Potomac Nationals batting - Pitching for Stockton Ports : RHP Chad Cooper
Batting: RHB Tylor Cyr 0-0: Ball
1-0: Foul Ball, location: 2F
1-1: Called Strike
1-2: Strikes out swinging
Batting: RHB Naofumi Ishida 0-0: Called Strike
0-1: Ground out 3-1 (Groundball, 34, EV 87.5 MPH)
Batting: RHB Marcus Dawson 0-0: Called Strike
0-1: Ball
1-1: Foul Ball, location: 2F
1-2: Strikes out looking
Top of the 4th over - 0 runs, 0 hits, 0 errors, 0 left on base; Potomac 2 - Stockton 3
BOTTOM OF THE 4TH
Stockton Ports batting - Pitching for Potomac Nationals : RHP Todd Carbaugh
Batting: LHB Tom Raupp 0-0: Foul Ball, location: 2F
0-1: Swinging Strike
0-2: DOUBLE (Line Drive, 89M, EV 88.8 MPH)
Batting: LHB Nick Pacheco 0-0: Called Strike
0-1: Ball
1-1: Ball
2-1: Fly out, F9 (Line Drive, 9S, EV 103.1 MPH)
Batting: RHB Tim Cordle 0-0: Ball
1-0: Foul Ball, location: 2F
1-1: Ball
2-1: Ball
3-1: Foul Ball, location: 2F
3-2: Base on Balls
Batting: RHB Matt Black 0-0: Ball
1-0: Ball
2-0: Ball
3-0: Base on Balls
Tom Raupp to third
Tim Cordle to second
Batting: RHB Todd Vanasco 0-0: Ball
1-0: Foul Ball, location: 2F
1-1: Ball
2-1: Foul Ball, location: 2F
2-2: Grounds into double play, 5-4-3 (Groundball, 5, EV 88.1 MPH)
Bottom of the 4th over - 0 runs, 1 hit, 0 errors, 2 left on base; Potomac 2 - Stockton 3
TOP OF THE 5TH
Potomac Nationals batting - Pitching for Stockton Ports : RHP Chad Cooper
Batting: RHB Bobby Bricker 0-0: Ball
1-0: Ball
2-0: Ball
3-0: Base on Balls
Batting: RHB Antonio Morado 0-0: Ball
1-0: Foul Ball, location: 2F
1-1: Ball
2-1: Fielders Choice at 2nd, 5-4 (Groundball, 56, EV 84.4 MPH)
Batting: RHB John Savard 0-0: Grounds into double play, 4-6-3 (Groundball, 34, EV 90.0 MPH)
Top of the 5th over - 0 runs, 0 hits, 0 errors, 0 left on base; Potomac 2 - Stockton 3
BOTTOM OF THE 5TH
Stockton Ports batting - Pitching for Potomac Nationals : RHP Todd Carbaugh
Batting: RHB Larry Clark 0-0: Ball
1-0: Foul Ball, location: 2F
1-1: Called Strike
1-2: Ball
2-2: Foul Ball, location: 2F
2-2: Ball
3-2: Strikes out looking
Batting: SHB Robert Santiago 0-0: DOUBLE (Line Drive, 7LS, EV 92.5 MPH)
Batting: RHB Moses Brokken 0-0: Swinging Strike
0-1: Called Strike
0-2: Ball
1-2: Foul Ball, location: 2F
1-2: Foul Ball, location: 2F
1-2: Strikes out swinging
Pitching: RHP Gary Simmons
Batting: SHB D.J. Codd 0-0: Called Strike
0-1: Foul Ball, location: 2F
0-2: Ball
1-2: Foul Ball, location: 2F
1-2: Ball
2-2: Strikes out swinging
Bottom of the 5th over - 0 runs, 1 hit, 0 errors, 1 left on base; Potomac 2 - Stockton 3
TOP OF THE 6TH
Potomac Nationals batting - Pitching for Stockton Ports : RHP Chad Cooper
Batting: RHB Gabe Almazan 0-0: Swinging Strike
0-1: SINGLE (Groundball, 25, EV 73.8 MPH) (infield hit)
Batting: LHB Kyung-jin Cho 0-0: Called Strike
Gabe Almazan is caught stealing 2nd base 2-6
0-1: Ball
1-1: Foul Ball, location: 2F
1-2: Ball
2-2: SINGLE (Groundball, 6D, EV 97.5 MPH)
Batting: RHB Nick Moreno 0-0: Ball
1-0: Ball
2-0: Called Strike
2-1: Reached on error, E6 (Groundball, 6, EV 78.8 MPH)
Kyung-jin Cho to second
Batting: RHB Tylor Cyr 0-0: Ball
1-0: Ball
2-0: Foul Ball, location: 2F
2-1: Ball
3-1: Foul Ball, location: 2F
3-2: Strikes out looking
Pitching: RHP Craig Daniel
Batting: LHB Elias Posada 0-0: Fly out, F7 (Flyball, 78D, EV 99.4 MPH)
Top of the 6th over - 0 runs, 2 hits, 1 error, 2 left on base; Potomac 2 - Stockton 3
BOTTOM OF THE 6TH
Stockton Ports batting - Pitching for Potomac Nationals : RHP Gary Simmons
Batting: LHB Tom Raupp 0-0: Ground out U3 (Groundball, 34, EV 107.5 MPH)
Batting: LHB Nick Pacheco 0-0: Called Strike
0-1: Ball
1-1: Ball
2-1: Ball
3-1: DOUBLE (Flyball, 8RXD, EV 113.8 MPH)
Batting: RHB Tim Cordle 0-0: Ball
1-0: Foul Ball, location: 2F
1-1: Ball
2-1: Foul Ball, location: 2F
2-2: Fly out, F8 (Line Drive, 8LM, EV 103.1 MPH)
Batting: RHB Matt Black 0-0: Swinging Strike
0-1: Ball
1-1: Ball
2-1: Ball
3-1: Foul Ball, location: 2F
3-2: Base on Balls
Batting: RHB Todd Vanasco 0-0: Called Strike
0-1: Ball
1-1: Ground out 4-3 (Groundball, 4S, EV 86.2 MPH)
Bottom of the 6th over - 0 runs, 1 hit, 0 errors, 2 left on base; Potomac 2 - Stockton 3
TOP OF THE 7TH
Potomac Nationals batting - Pitching for Stockton Ports : RHP Craig Daniel
Batting: RHB Marcus Dawson 0-0: Ball
1-0: Foul Ball, location: 2F
1-1: Ball
2-1: Ball
3-1: Foul Ball, location: 2F
3-2: Ground out 4-3 (Groundball, 4, EV 78.1 MPH)
Batting: RHB Bobby Bricker 0-0: Ball
1-0: Foul Ball, location: 2F
1-1: Ball
2-1: Ball
3-1: Foul Ball, location: 2F
3-2: Strikes out swinging
Batting: RHB Antonio Morado 0-0: Called Strike
0-1: Ball
1-1: Foul Ball, location: 2F
1-2: Ball
2-2: Foul Ball, location: 2F
2-2: Strikes out swinging
Top of the 7th over - 0 runs, 0 hits, 0 errors, 0 left on base; Potomac 2 - Stockton 3
BOTTOM OF THE 7TH
Stockton Ports batting - Pitching for Potomac Nationals : RHP Gary Simmons
Batting: RHB Larry Clark 0-0: Fly out, F7 (Line Drive, 7S, EV 84.4 MPH)
Batting: SHB Robert Santiago 0-0: Ground out U3 (Groundball, 34S, EV 81.2 MPH)
Batting: RHB Moses Brokken 0-0: Ball
1-0: Foul Ball, location: 2F
1-1: Ball
2-1: Called Strike
2-2: Strikes out swinging
Bottom of the 7th over - 0 runs, 0 hits, 0 errors, 0 left on base; Potomac 2 - Stockton 3
TOP OF THE 8TH
Potomac Nationals batting - Pitching for Stockton Ports : RHP Craig Daniel
Batting: RHB John Savard 0-0: Called Strike
0-1: Ball
1-1: Called Strike
1-2: Strikes out swinging
Pinch Hitting: LHB Chance McWilliams 0-0: Called Strike
0-1: Called Strike
0-2: Ball
1-2: Ball
2-2: Ball
3-2: Foul Ball, location: 2F
3-2: Base on Balls
Pitching: LHP Bobby Carroll
Pinch Hitting: RHB Deshawn Boseman 0-0: Foul Ball, location: 2F
0-1: Foul Ball, location: 2F
0-2: Ball
1-2: Ball
2-2: Ball
3-2: Foul Ball, location: 2F
3-2: Fly out, F9 (Line Drive, 9, EV 95.6 MPH)
Batting: RHB Nick Moreno 0-0: Ball
1-0: Called Strike
1-1: Fly out, F9 (Flyball, 9LS, EV 81.9 MPH)
Top of the 8th over - 0 runs, 0 hits, 0 errors, 1 left on base; Potomac 2 - Stockton 3
BOTTOM OF THE 8TH
Stockton Ports batting - Pitching for Potomac Nationals : RHP Gary Simmons
Now at 3B: Adam Jacobs
Now at SS: Antonio Morado
Now in LF: Chance McWilliams
Batting: SHB D.J. Codd 0-0: Ball
1-0: Ball
2-0: Ball
3-0: Called Strike
3-1: Called Strike
3-2: Foul Ball, location: 2F
3-2: Foul Ball, location: 2F
3-2: Base on Balls
Batting: LHB Tom Raupp 0-0: Ball
1-0: Foul Ball, location: 2F
1-1: Ball
2-1: Grounds into double play, 1-6-3 (Groundball, 34S, EV 71.9 MPH)
Batting: LHB Nick Pacheco 0-0: Ball
1-0: Swinging Strike
1-1: SINGLE (Groundball, 56D, EV 107.5 MPH)
Batting: RHB Tim Cordle 0-0: Ball
1-0: Ball
2-0: Fielders Choice at 2nd, 5-4 (Groundball, 5, EV 102.5 MPH)
Bottom of the 8th over - 0 runs, 1 hit, 0 errors, 1 left on base; Potomac 2 - Stockton 3
TOP OF THE 9TH
Potomac Nationals batting - Pitching for Stockton Ports : LHP Bobby Carroll
Pitching: RHP Ricky Lopez
Now at 1B: Tim Cordle
Now at 2B: Scott Wiggs
Now at 3B: Robert Santiago
Batting: RHB Tylor Cyr 0-0: Swinging Strike
0-1: Ground out 5-3 (Groundball, 5L, EV 85.0 MPH)
Batting: LHB Elias Posada 0-0: Foul Ball, location: 2F
0-1: Foul Ball, location: 2F
0-2: Ball
1-2: Foul Ball, location: 2F
1-2: Fly out, F5 (Popup, 5SF, EV 80.0 MPH)
Pinch Hitting: SHB Curtis DeLille 0-0: Called Strike
0-1: Foul Ball, location: 2F
0-2: Ball
1-2: Foul Ball, location: 2F
1-2: Ball
2-2: Ground out 1-3 (Groundball, 13, EV 75.0 MPH)
Top of the 9th over - 0 runs, 0 hits, 0 errors, 0 left on base; Potomac 2 - Stockton 3
Wednesday, June 22nd , 2022 - OOTP Baseball 23.4 Build 64